 Dungeon Crawl Stone Soup version 0.24.1-5-g77f818bfca (webtiles) character file.

Game seed: 11954909267932170239, levelgen mode: deterministic

31362 Gruesph the Fighter (level 13, 0/109 HPs)
             Began as a Gnoll Wanderer on Apr 22, 2020.
             Was the Champion of Cheibriados.
             Slain by an eight-headed hydra (14 damage)
             ... on level 5 of the Lair of Beasts.
             The game lasted 01:16:18 (18697 turns).

Gruesph the Fighter (Gnoll Wanderer)               Turns: 18697, Time: 01:16:19

Health: 0/109      AC: 12    Str: 30    XL:     13   Next: 57%
Magic:  19/25      EV: 19    Int: 32    God:    Cheibriados [******]
Gold:   845        SH: 14    Dex: 30    Spells: 19/28 levels left

rFire    + + +     SeeInvis .   a - +7 broad axe "Koz Inibrao" {flame, rElec rF++ rN+ Str-2}
rCold    . . .     Gourm    .   y - +0 shield
rNeg     + . .     Faith    .   G - +2 leather armour {rF+}
rPois    .         Spirit   .   P - +0 hat
rElec    +         Reflect  .   E - +0 cloak
rCorr    .         Harm     .   w - +0 pair of gloves
MR       ++...                  z - +2 pair of boots
Stlth    +++++.....             (no amulet)
HPRegen  1.28/turn              t - ring of protection from magic
MPRegen  0.19/turn              U - ring of protection from magic

@: regenerating, very slow
A: distributed training, fangs 1, strong nose
a: Bend Time, Temporal Distortion, Slouch, Step From Time, Renounce Religion


You were on level 5 of the Lair of Beasts.
You worshipped Cheibriados.
Cheibriados was exalted by your worship.
You were not hungry.

You visited 3 branches of the dungeon, and saw 18 of its levels.

You collected 845 gold pieces.

Inventory:

Hand Weapons
 a - the +7 broad axe "Koz Inibrao" (weapon) {flame, rElec rF++ rN+ Str-2}
   (You found it on level 4 of the Lair of Beasts)

   It has been specially enchanted to burn those struck by it, causing extra
   injury to most foes and up to half again as much damage against particularly
   susceptible opponents.
   Big, fiery blades are also staple armaments of hydra-hunters.
   It affects your strength (-2).
   It greatly protects you from fire.
   It insulates you from electricity.
   It protects you from negative energy.
 b - a +0 hunting sling
 X - the +6 flail of Destiny {freeze, rC+}
   (You found it on level 5 of the Dungeon)

   It has been specially enchanted to freeze those struck by it, causing extra
   injury to most foes and up to half again as much damage against particularly
   susceptible opponents.
   It can also slow down cold-blooded creatures.
   It protects you from cold.
Missiles
 d - 7 javelins
 g - 9 atropa-tipped darts
 j - 196 sling bullets
 l - 312 arrows
 p - 476 stones (quivered)
 s - 42 poisoned darts
 x - 2 throwing nets
Armour
 w - a +0 pair of gloves (worn)
 y - a +0 shield (worn)
 z - a +2 pair of boots (worn)
 E - a +0 cloak (worn)
 G - a +2 leather armour of fire resistance (worn)
 P - a +0 hat (worn)
 R - the +2 leather armour of Deroviog {rPois rC- Str+5 Int+2}
   (You found it on level 2 of the Lair of Beasts)

   It affects your strength (+5).
   It affects your intelligence (+2).
   It makes you vulnerable to cold.
   It protects you from poison.
Jewellery
 t - a ring of protection from magic (left hand)
 u - an uncursed ring of positive energy
 U - a ring of protection from magic (right hand)
 V - a +5 ring of intelligence
Wands
 e - a wand of digging (11)
 k - a wand of flame (33)
 C - a wand of iceblast (6)
 F - a wand of polymorph (12)
 N - a wand of enslavement (7)
 O - a wand of acid (23)
 Y - a wand of paralysis (6)
Scrolls
 i - 2 scrolls of identify
 m - 3 scrolls of immolation
 o - 4 scrolls of magic mapping
 r - 12 scrolls of remove curse
 A - 3 scrolls of blinking
 D - a scroll of torment
 Q - 8 scrolls of teleportation
 T - 2 scrolls of amnesia
 W - 2 scrolls of fog
Potions
 c - 5 potions of curing
 h - 2 potions of heal wounds
 n - 3 potions of mutation
 q - 3 potions of flight
 v - a potion of might
 B - 4 potions of lignification
 I - 3 potions of agility
 J - a potion of cancellation
 K - a potion of invisibility
 L - a potion of resistance
 M - a potion of brilliance
 S - a potion of magic
Miscellaneous
 H - a lightning rod (4/4)
Comestibles
 f - 39 rations


   Skills:
 + Level 12.8 Fighting
 + Level 8.2 Short Blades
 + Level 8.2 Long Blades
 + Level 8.7 Axes
 + Level 8.7 Maces & Flails
 + Level 8.2 Polearms
 + Level 8.2 Staves
 + Level 8.2 Slings
 + Level 8.2 Bows
 + Level 8.2 Crossbows
 + Level 8.7 Throwing
 + Level 8.7 Armour
 + Level 8.2 Dodging
 + Level 8.2 Stealth
 + Level 8.2 Shields
 + Level 8.2 Unarmed Combat
 + Level 8.2 Spellcasting
 + Level 6.9 Conjurations
 + Level 6.9 Hexes
 + Level 6.9 Charms
 + Level 6.9 Summonings
 + Level 6.9 Necromancy
 + Level 6.9 Translocations
 + Level 6.9 Transmutations
 + Level 6.9 Fire Magic
 + Level 6.9 Ice Magic
 + Level 6.9 Air Magic
 + Level 6.9 Earth Magic
 + Level 6.9 Poison Magic
 + Level 9.0 Invocations
 + Level 8.7 Evocations


You had 19 spell levels left.
You knew the following spells:

 Your Spells              Type           Power        Failure   Level  Hunger
a - Sticks to Snakes      Tmut           ######..     1%          2    None
b - Regeneration          Chrm/Necr      ######....   1%          3    None
c - Spectral Weapon       Hex/Chrm       ######..     1%          3    None
d - Confusing Touch       Hex            ######       1%          1    None

Your spell library contained the following spells:

 Spells                   Type           Power        Failure   Level  Hunger
 Beastly Appendage        Tmut           ######       1%          1    None
 Corona                   Hex            ######.      1%          1    None
 Infusion                 Chrm           ####         1%          1    None
 Magic Dart               Conj           ####         1%          1    None
 Ensorcelled Hibernation  Hex/Ice        ######       1%          2    None
 Searing Ray              Conj           ######       1%          2    None
 Shroud of Golubria       Chrm/Tloc      ######       1%          2    None
 Song of Slaying          Chrm           ######..     1%          2    None
 Confuse                  Hex            ######..     1%          3    None
 Dazzling Spray           Conj/Hex       ######       1%          3    None
 Gell's Gravitas          Tloc           ######....   1%          3    None
 Spider Form              Tmut/Pois      ######....   1%          3    None
 Static Discharge         Conj/Air       ######..     1%          3    None
 Tukima's Dance           Hex            ######..     1%          3    None
 Force Lance              Conj/Tloc      ######..     5%          4    None
 Fulminant Prism          Conj/Hex       ######....   5%          4    None
 Ice Form                 Ice/Tmut       ######..     5%          4    None
 Iskenderun's Mystic Bla  Conj           ######..     5%          4    None
 Petrify                  Tmut/Erth      ######..     5%          4    None
 Blade Hands              Tmut           ######....   16%         5    ####...
 Lightning Bolt           Conj/Air       ######....   16%         5    ####...
 Metabolic Englaciation   Hex/Ice        ######....   16%         5    ####...
 Yara's Violent Unravell  Hex/Tmut       ######....   16%         5    ####...
 Ignition                 Fire           ######....   100%        8    #######
 Shatter                  Erth           ######....   100%        9    #######
 Tornado                  Air            ######....   100%        9    #######


Dungeon Overview and Level Annotations

Branches:
Dungeon (12/15)            Temple (1/1) D:7            Lair (5/6) D:11
  Swamp (0/4) Lair:4       Spider (0/4) Lair:4          Orc (0/2) D:12
  Slime: Lair:5-6

Altars:
Ashenzari
Cheibriados
Dithmenos
Elyvilon
Fedhas
Gozag
Hepliaklqana
Kikubaaqudgha
Makhleb
Nemelex Xobeh
Okawaru
Qazlal
Ru
Sif Muna
Trog
Uskayaw
Vehumet
Wu Jian
Xom
Yredelemnul
Zin
The Shining One

Shops:
D:7 [   D:10 %   D:12 [


Innate Abilities, Weirdness & Mutations

Your experience applies equally to all skills.
You have very sharp teeth.
Your uncanny sense of smell can sniff out nearby items.


Message History

Confirm with . or Enter, or press ? or * to list all spells.
You draw out your weapon's spirit!
You block the eight-headed hydra's attack.
The eight-headed hydra bites you! x2
The eight-headed hydra closely misses you.
You block the eight-headed hydra's attack. x2
The eight-headed hydra completely misses you.
The eight-headed hydra barely misses you.
Casting: Spectral Weapon (safe; 1% risk of failure)
Confirm with . or Enter, or press ? or * to list all spells.
Your skin crawls.
The eight-headed hydra bites you!
The eight-headed hydra bites you but does no damage.
The eight-headed hydra bites you!
* * * LOW HITPOINT WARNING * * *
You block the eight-headed hydra's attack.
The eight-headed hydra bites you but does no damage.
The eight-headed hydra bites you!
* * * LOW HITPOINT WARNING * * *
The eight-headed hydra bites you!
You die...

########## ###..##..#.#
#### # #
##..##......####..##.#.#
........................
...#..##.........(.....#
....#.######....@D......
.....#..#.#.............
...........#............
....#.............##....
..........#.............
...##....P##......... ..
....##...P##.....PP#.. #
....#....##..>...PP..#
...##..#..##.........


You could see an eight-headed hydra and a friendly spectral +7 broad axe "Koz
Inibrao" {flame, rElec rF++ rN+ Str-2}.

Vanquished Creatures
  Gastronok (Lair:1)
  Josephine (Lair:4)
  2 hydras
  A catoblepas (Lair:4)
  2 two-headed ogres
  A skeletal warrior (D:12)
  An ugly thing (D:12)
  3 black mambas
  4 spiny frogs
  A torpor snail (Lair:4)
  A rime drake (Lair:3)
  A demonic crawler (Lair:2)
  3 komodo dragons
  2 trolls (D:11)
  Grinder (D:6)
  A bog body (Lair:4)
  Prince Ribbit (D:6)
  15 blink frogs
  9 hippogriffs
  4 wraiths
  4 wyverns
  3 basilisks
  29 yaks
  2 hungry ghosts (D:12)
  2 vampire mosquitoes (D:12)
  2 soldier ants (D:8)
  2 swamp worms (Lair:2)
  6 water moccasins
  2 hell hounds (Lair:1)
  An acid dragon (D:12)
  Duvessa (D:4)
  8 porcupines
  7 orc warriors
  3 ice beasts
  2 black bears
  3 sky beasts
  An eye of draining (D:12)
  3 phantoms
  3 ogres
  12 wolves
  A necrophage (D:10)
  8 centaurs
  5 crocodiles
  10 bullfrogs
  A water moccasin zombie (D:11)
  3 scorpions
  2 troll zombies (D:12)
  A water moccasin skeleton (D:4)
  Dowan (D:4)
  4 killer bees (D:11)
  A howler monkey (D:8)
  10 wights
  7 crimson imps
  4 bullfrog zombies
  3 jellies
  2 centaur zombies
  8 hounds
  A bullfrog skeleton (D:6)
  2 centaur skeletons
  3 orc priests
  10 orc wizards
  4 iguanas
  Terence (D:2)
  4 hell rats (Lair:4)
  9 worker ants
  4 ogre zombies (D:12)
  A hound zombie (D:5)
  A worker ant zombie (D:11)
  5 river rats
  9 adders
  3 gnolls (D:5)
  2 shadow imps
  2 oozes (D:4)
  2 adder skeletons
  5 worms
  4 leopard geckos
  29 orcs
  2 ball pythons
  8 giant cockroaches
  11 goblins
  9 hobgoblins
  3 jackals (D:3)
  3 quokkas
  4 bats
  8 frilled lizards
  A goblin zombie (D:12)
  A hobgoblin skeleton (D:12)
  A jackal skeleton (D:7)
  3 kobolds
  An orc skeleton (D:12)
  13 orc zombies (D:12)
  A quokka skeleton (D:8)
  13 rats
  2 fungi
  A plant (D:1)
408 creatures vanquished.

Vanquished Creatures (collateral kills)
  A two-headed ogre (D:9)
  3 yaks
  A centaur (D:7)
  A howler monkey (D:8)
  A hell rat (Lair:4)
  An ogre zombie (D:12)
  A goblin skeleton (D:12)
  A goblin zombie (D:12)
  An orc skeleton (D:12)
  4 orc zombies (D:12)
  2 rats (Lair:4)
  A fungus (Lair:4)
18 creatures vanquished.

Vanquished Creatures (others)
  7 fungi
  3 plants
  5 spectral weapons
15 creatures vanquished.

Grand Total: 441 creatures vanquished

Notes
Turn   | Place    | Note
-------+----------+-------------------------------------------
     0 | D:1      | Reached skill level 10 in Fighting
     0 | D:1      | Gruesph the Gnoll Wanderer began the quest for the Orb.
     0 | D:1      | Gruesph set off with the following items: a +2 mace, a +0
                  | ring mail, a wand of random effects (15), a ration
     0 | D:1      | Reached XP level 1. HP: 28/28 MP: 2/2
    84 | D:1      | Reached XP level 2. HP: 35/36 MP: 3/3
   557 | D:2      | Reached XP level 3. HP: 42/42 MP: 4/4
   581 | D:2      | Found a white marble altar of Elyvilon.
   624 | D:2      | You fall into a shaft and drop 1 floor!
   674 | D:3      | Reached skill level 1 in Invocations
   703 | D:3      | Reached skill level 1 in Short Blades
   703 | D:3      | Reached skill level 1 in Long Blades
   703 | D:3      | Reached skill level 1 in Polearms
   703 | D:3      | Reached skill level 1 in Staves
   703 | D:3      | Reached skill level 1 in Slings
   703 | D:3      | Reached skill level 1 in Bows
   703 | D:3      | Reached skill level 1 in Crossbows
   703 | D:3      | Reached skill level 1 in Dodging
   703 | D:3      | Reached skill level 1 in Stealth
   703 | D:3      | Reached skill level 1 in Shields
   703 | D:3      | Reached skill level 1 in Unarmed Combat
   703 | D:3      | Reached skill level 1 in Spellcasting
   708 | D:3      | Reached XP level 4. HP: 42/48 MP: 4/6
   908 | D:3      | Reached skill level 1 in Conjurations
   908 | D:3      | Reached skill level 1 in Hexes
   908 | D:3      | Reached skill level 1 in Charms
   908 | D:3      | Reached skill level 1 in Summonings
   908 | D:3      | Reached skill level 1 in Necromancy
   908 | D:3      | Reached skill level 1 in Translocations
   908 | D:3      | Reached skill level 1 in Transmutations
   908 | D:3      | Reached skill level 1 in Fire Magic
   908 | D:3      | Reached skill level 1 in Ice Magic
   908 | D:3      | Reached skill level 1 in Air Magic
   908 | D:3      | Reached skill level 1 in Earth Magic
   908 | D:3      | Reached skill level 1 in Poison Magic
  1196 | D:3      | Found a faded altar of an unknown god.
  1331 | D:3      | Reached XP level 5. HP: 43/54 MP: 7/7
  1493 | D:3      | Found a stormy altar of Qazlal.
  1994 | D:2      | Noticed Terence
  2006 | D:2      | Killed Terence
  2084 | D:2      | Found a snail-covered altar of Cheibriados.
  2270 | D:2      | Became a worshipper of Cheibriados the Contemplative
  2336 | D:4      | Noticed an ogre
  2348 | D:4      | Killed an ogre
  2348 | D:4      | Reached XP level 6. HP: 61/61 MP: 8/8
  3166 | D:4      | Noticed Dowan
  3184 | D:4      | Killed Dowan
  3210 | D:4      | Noticed Duvessa
  3228 | D:4      | HP: 3/61 [Duvessa/+0 short sword (3)]
  3579 | D:4      | Killed Duvessa
  3579 | D:4      | Reached XP level 7. HP: 62/67 MP: 10/10
  4263 | D:5      | Entered Level 5 of the Dungeon
  4291 | D:5      | Found a radiant altar of Vehumet.
  4292 | D:5      | Found a blossoming altar of Fedhas.
  4333 | D:5      | Found a shimmering altar of Xom.
  4392 | D:5      | Got a transparent flail
  4397 | D:5      | Identified the +6 flail of Destiny {freeze, rC+} (You found
                  | it on level 5 of the Dungeon)
  4409 | D:5      | Found a shattered altar of Ashenzari.
  4416 | D:5      | Reached * piety under Cheibriados
  4546 | D:5      | Found a basalt altar of Yredelemnul.
  5218 | D:6      | Reached XP level 8. HP: 65/74 MP: 12/12
  5838 | D:6      | Reached ** piety under Cheibriados
  6126 | D:6      | Found a white marble altar of Elyvilon.
  6136 | D:6      | Reached skill level 11 in Fighting
  6136 | D:6      | Reached XP level 9. HP: 81/81 MP: 14/14
  6199 | D:6      | Noticed Prince Ribbit
  6202 | D:6      | Killed Prince Ribbit
  6220 | D:6      | Noticed Grinder
  6231 | D:6      | Killed Grinder
  6271 | D:6      | Found a stormy altar of Qazlal.
  6593 | D:4      | Learned a level 2 spell: Sticks to Snakes
  6753 | D:7      | Found a staircase to the Ecumenical Temple.
  6762 | Temple   | Entered the Ecumenical Temple
  6972 | D:7      | Found Huricru's Antique Armour Shoppe.
  7139 | D:7      | Reached skill level 5 in Axes
  7139 | D:7      | Reached skill level 5 in Maces & Flails
  7139 | D:7      | Reached skill level 5 in Throwing
  7139 | D:7      | Reached skill level 5 in Armour
  7139 | D:7      | Reached skill level 5 in Evocations
  7573 | D:8      | Reached skill level 5 in Invocations
  8230 | D:8      | Noticed a two-headed ogre
  8241 | D:8      | Reached *** piety under Cheibriados
  8241 | D:8      | Reached XP level 10. HP: 88/88 MP: 12/17
  8258 | D:8      | Killed a two-headed ogre
  9018 | D:9      | Reached skill level 5 in Short Blades
  9018 | D:9      | Reached skill level 5 in Long Blades
  9018 | D:9      | Reached skill level 5 in Polearms
  9018 | D:9      | Reached skill level 5 in Staves
  9018 | D:9      | Reached skill level 5 in Slings
  9018 | D:9      | Reached skill level 5 in Bows
  9018 | D:9      | Reached skill level 5 in Crossbows
  9018 | D:9      | Reached skill level 5 in Dodging
  9018 | D:9      | Reached skill level 5 in Stealth
  9018 | D:9      | Reached skill level 5 in Shields
  9018 | D:9      | Reached skill level 5 in Unarmed Combat
  9018 | D:9      | Reached skill level 5 in Spellcasting
  9091 | D:9      | Noticed a two-headed ogre
  9105 | D:9      | Killed a two-headed ogre
  9583 | D:9      | Found a glowing golden altar of the Shining One.
  9631 | D:9      | Found an opulent altar of Gozag.
  9711 | D:10     | Entered Level 10 of the Dungeon
  9714 | D:10     | Found a blossoming altar of Fedhas.
  9969 | D:10     | Found Puemag's Food Shop.
  9982 | D:10     | Reached **** piety under Cheibriados
 10248 | D:10     | Learned a level 3 spell: Regeneration
 10252 | D:10     | Learned a level 3 spell: Spectral Weapon
 10273 | D:10     | Got a brightly glowing robe
 10303 | D:10     | Identified the +1 robe of Patience {rC+ Dex+2} (You found
                  | it on level 10 of the Dungeon)
 10477 | D:10     | Reached XP level 11. HP: 67/94 MP: 16/19
 10901 | D:11     | Noticed a two-headed ogre
 10921 | D:10     | Killed a two-headed ogre
 11195 | D:11     | Reached skill level 5 in Conjurations
 11195 | D:11     | Reached skill level 5 in Hexes
 11195 | D:11     | Reached skill level 5 in Charms
 11195 | D:11     | Reached skill level 5 in Summonings
 11195 | D:11     | Reached skill level 5 in Necromancy
 11195 | D:11     | Reached skill level 5 in Translocations
 11195 | D:11     | Reached skill level 5 in Transmutations
 11195 | D:11     | Reached skill level 5 in Fire Magic
 11195 | D:11     | Reached skill level 5 in Ice Magic
 11195 | D:11     | Reached skill level 5 in Air Magic
 11195 | D:11     | Reached skill level 5 in Earth Magic
 11195 | D:11     | Reached skill level 5 in Poison Magic
 11296 | D:11     | Reached ***** piety under Cheibriados
 11335 | D:11     | Found a staircase to the Lair.
 11856 | D:11     | Reached skill level 12 in Fighting
 12266 | D:12     | Noticed a white ugly thing
 12285 | D:12     | Killed a white ugly thing
 12460 | D:12     | Found a staircase to the Orcish Mines.
 12511 | D:12     | Found Leqiom Saiv's Armour Emporium.
 12725 | D:12     | Noticed a skeletal warrior
 12727 | D:12     | Noticed a skeletal warrior
 12727 | D:12     | Noticed a skeletal warrior
 12727 | D:12     | Noticed a skeletal warrior
 12727 | D:12     | Noticed a skeletal warrior
 12736 | D:12     | Killed a skeletal warrior
 12736 | D:12     | Reached XP level 12. HP: 80/101 MP: 16/22
 12969 | Lair:1   | Entered Level 1 of the Lair of Beasts
 13032 | Lair:1   | Noticed Gastronok
 13045 | Lair:1   | Killed Gastronok
 14444 | Lair:2   | Learned a level 1 spell: Confusing Touch
 14782 | Lair:2   | Got an ichor-stained leather armour
 15381 | Lair:2   | Identified the +2 leather armour of Deroviog {rPois rC-
                  | Str+5 Int+2} (You found it on level 2 of the Lair of
                  | Beasts)
 15671 | Lair:3   | Reached XP level 13. HP: 84/109 MP: 24/24
 16025 | Lair:3   | Reached ****** piety under Cheibriados
 17036 | Lair:4   | Found a staircase to the Swamp.
 17102 | Lair:4   | Noticed Josephine
 17111 | Lair:4   | Killed Josephine
 17545 | Lair:4   | Found a hole to the Spider Nest.
 17835 | Lair:4   | Got a warped broad axe
 17836 | Lair:4   | Identified the +7 broad axe "Koz Inibrao" {flame, rElec
                  | rF++ rN+ Str-2} (You found it on level 4 of the Lair of
                  | Beasts)
 18697 | Lair:5   | Slain by an eight-headed hydra

Levels and vault maps discovered:
D:1:      roderic_crop_circles_arrival_small, layout_rooms
D:2:      layout_rooms, nicolae_overflow_crystal_walls, elyvilon_altar_5,
          kennysheep_pointless_box, uniq_terence
D:3:      layout_rooms, marbit_many_paths,
          chequers_ecumenical_altar_simple_redux, first_ration,
          gup_sewer_entry_spiral
D:4:      layout_cave_pods, minmay_divided_ellipse, uniq_duvessa
D:5:      layout_basic, kennysheep_little_box, kennysheep_mini,
          nicolae_ashenzari_panopticon, gammafunk_temple_overflow_statue
D:6:      layout_loops_corners, basic_altar, corexii_shack,
          nicolae_qazlal_eye_of_the_storm, uniq_prince_ribbit1, uniq_grinder
D:7:      layout_basic, minmay_temple_entry_poolview, serial_shops,
          shop_fountains
D:8:      layout_loops_ring, hangedman_pestilent_swarm, minmay_statues_item
D:9:      layout_irregular_city, nicolae_tso_carved_into_rock,
          old_standard_altar
D:10:     layout_basic, serial_shops, shop_statue, fedhas_altar_1
D:11:     layout_loops_ring, minmay_lair_entry_grove
D:12:     layout_long_grid, zombieorc2_lemuel, basic_altar,
          minmay_shop_grid_forest
Temple:   nicolae_temple_hex_pool
Lair:1:   layout_gridlike, enter_volcano_3, st_stairs_13, serial_bayou_shore_b,
          grunt_megastairs_3, infiniplex_staircase_pool, uniq_gastronok
Lair:2:   layout_gridlike, worms_lemuel, serial_bayou_shore_a
Lair:3:   layout_concentric_octagons, eino_small_chamber_without_monster,
          serial_bayou_shore_b
Lair:4:   layout_roguey, skrybe_swamp_entry_bodies, dummy_spider_entry,
          kennysheep_abandoned_house, lemuel_fruit_tree, uniq_josephine
Lair:5:   layout_regular_city, minmay_slime_entry_pillars,
          chequers_serial_rivers_room_a

Skill      XL: |  1  2  3  4  5  6  7  8  9 10 11 12 13 |
---------------+----------------------------------------+-----
Fighting       | 11 12 | 12.8
Invocations    | 1 2 3 4 5 6 7 8 9 |  9.0
Short Blades   | 1 2 3 4 5 6 7 8 |  8.2
Long Blades    | 1 2 3 4 5 6 7 8 |  8.2
Polearms       | 1 2 3 4 5 6 7 8 |  8.2
Staves         | 1 2 3 4 5 6 7 8 |  8.2
Slings         | 1 2 3 4 5 6 7 8 |  8.2
Bows           | 1 2 3 4 5 6 7 8 |  8.2
Crossbows      | 1 2 3 4 5 6 7 8 |  8.2
Dodging        | 1 2 3 4 5 6 7 8 |  8.2
Stealth        | 1 2 3 4 5 6 7 8 |  8.2
Shields        | 1 2 3 4 5 6 7 8 |  8.2
Unarmed Combat | 1 2 3 4 5 6 7 8 |  8.2
Spellcasting   | 1 2 3 4 5 6 7 8 |  8.2
Conjurations   | 1 2 3 4 5 6 |  6.9
Hexes          | 1 2 3 4 5 6 |  6.9
Charms         | 1 2 3 4 5 6 |  6.9
Summonings     | 1 2 3 4 5 6 |  6.9
Necromancy     | 1 2 3 4 5 6 |  6.9
Translocations | 1 2 3 4 5 6 |  6.9
Transmutations | 1 2 3 4 5 6 |  6.9
Fire Magic     | 1 2 3 4 5 6 |  6.9
Ice Magic      | 1 2 3 4 5 6 |  6.9
Air Magic      | 1 2 3 4 5 6 |  6.9
Earth Magic    | 1 2 3 4 5 6 |  6.9
Poison Magic   | 1 2 3 4 5 6 |  6.9
Axes           | 3 4 5 6 7 8 |  8.7
Maces & Flails | 3 4 5 6 7 8 |  8.7
Throwing       | 3 4 5 6 7 8 |  8.7
Armour         | 3 4 5 6 7 8 |  8.7
Evocations     | 3 4 5 6 7 8 |  8.7

Action                   |  1- 3 |  4- 6 |  7- 9 | 10-12 | 13-15 || total
-------------------------+-------+-------+-------+-------+-------++-------
Melee: Mace              |    92 |    68 |       |       |       ||   160
       Bite              |     9 |    21 |    29 |    99 |    32 ||   190
       Punch             |       |     1 |       |       |       ||     1
       War axe           |       |    75 |    30 |       |       ||   105
       Flail             |       |       |   219 |   523 |   153 ||   895
       Broad axe         |       |       |       |       |     8 ||     8
 Fire: Hunting sling     |       |     8 |       |       |       ||     8
Throw: Dart              |       |    12 |       |       |       ||    12
       Throwing net      |       |     1 |       |       |       ||     1
       Stone             |       |       |    17 |   108 |    31 ||   156
 Cast: Sticks to Snakes  |       |       |    14 |    42 |    15 ||    71
       Regeneration      |       |       |       |    31 |    12 ||    43
       Spectral Weapon   |       |       |       |     6 |     7 ||    13
Invok: Bend Time         |       |       |     1 |       |       ||     1
       Slouch            |       |       |       |     4 |       ||     4
       Step From Time    |       |       |       |     1 |       ||     1
       Temporal Distorti |       |       |       |       |     1 ||     1
Evoke: Wand              |       |       |     5 |     1 |     1 ||     7
  Use: Potion            |       |     2 |     2 |     1 |     1 ||     6
       Scroll            |       |       |    15 |     6 |     5 ||    26
 Stab: Invisible         |       |     1 |       |       |       ||     1
       Sleeping          |       |       |     4 |     8 |     4 ||    16
       Distracted        |       |       |     1 |     8 |     6 ||    15
  Eat: Chunk             |       |     9 |     5 |    12 |     6 ||    32
       Ration            |       |       |     1 |     1 |       ||     2
Armor: Ring mail         |    37 |    24 |       |       |       ||    61
       Scale mail        |       |     5 |       |       |       ||     5
       Chain mail        |       |    25 |    65 |       |       ||    90
       Leather armour    |       |       |    26 |   120 |    27 ||   173
Dodge: Dodged            |    51 |    47 |    78 |   319 |   129 ||   624
Block: Shield            |       |    27 |    96 |   378 |   154 ||   655
